 Dungeon Crawl Stone Soup version 0.31.0-4-g52a2dc7128 (webtiles) character file.

Game seed: 18211648298405887493

2840 Arcadio the Skirmisher (level 9, -4/63 HPs)
             Began as a Gnoll Hunter on Jan 22, 2024.
             Was a Believer of Hepliaklqana.
             Slain by a yak (12 damage)
             ... on level 9 of the Dungeon.
             The game lasted 00:24:47 (3968 turns).

Arcadio the Skirmisher (Gnoll Hunter)               Turns: 3968, Time: 00:24:48

Health: -4/63      AC:  3    Str: 11    XL:     9   Next: 74%
Magic:  0/16       EV: 15    Int:  9    God:    Hepliaklqana [**....]
Gold:   271        SH:  0    Dex: 19    Spells: 8/17 levels left

rFire   . . .        a - +0 shortbow
rCold   . . .        (shield currently unavailable)
rNeg    + . .        c - +0 leather armour
rPois   +            (no helmet)
rElec   .            (no cloak)
rCorr   .            (no gloves)
SInv    .            (no boots)
Will    .....        y - amulet of guardian spirit
Stlth   +++          d - ring of poison resistance
HPRegen 0.30/turn    o - ring of positive energy
MPRegen 0.15/turn

%: guardian spirit
@: no status effects
A: reduced essence, fangs 1, strong nose, distributed training
a: Renounce Religion, Recall Ancestor, Ancestor Identity


You were on level 9 of the Dungeon.
You worshipped Hepliaklqana.
Hepliaklqana was pleased with you.
You visited 2 branches of the dungeon, and saw 11 of its levels.
You also visited: Ossuary and Bailey.

You collected 271 gold pieces.

Inventory:

Hand Weapons
 a - a +0 shortbow (weapon)
 w - a +0 morningstar
Armour
 c - a +0 leather armour (worn)
 z - a +3 plate armour of fire resistance
Jewellery
 d - a ring of poison resistance (left hand)
 o - a ring of positive energy (right hand)
 y - an amulet of guardian spirit (around neck)
 B - a ring of flight
Wands
 f - a wand of flame (19)
 m - a wand of charming (6)
Scrolls
 b - a scroll of butterflies
 e - a scroll of vulnerability {unknown}
 i - a scroll of revelation {unknown}
 j - 8 scrolls of identify {unknown}
 k - a scroll of fog {unknown}
 l - 2 scrolls of teleportation {unknown}
 q - a scroll of fear {unknown}
 t - 3 scrolls of enchant weapon {unknown}
 v - a scroll of enchant armour {unknown}
 A - 2 scrolls of immolation {unknown}
 C - a scroll of blinking {unknown}
Potions
 g - 2 potions of haste {unknown}
 h - 2 potions of mutation {unknown}
 n - 2 potions of degeneration {unknown}
 p - 6 potions of curing {unknown}
 r - a potion of magic {unknown}
 s - a potion of berserk rage {unknown}
 u - a potion of brilliance {unknown}
 x - a potion of might {unknown}


   Skills:
 + Level 6.6 Fighting
 + Level 4.7 Short Blades
 + Level 4.7 Long Blades
 + Level 4.7 Axes
 + Level 4.7 Maces & Flails
 + Level 4.7 Polearms
 + Level 4.7 Staves
 + Level 9.8 Ranged Weapons
 + Level 4.7 Throwing
 + Level 4.7 Armour
 + Level 6.6 Dodging
 + Level 5.3 Stealth
 + Level 4.7 Shields
 + Level 4.7 Unarmed Combat
 + Level 4.7 Spellcasting
 + Level 3.9 Conjurations
 + Level 3.9 Hexes
 + Level 3.9 Summonings
 + Level 3.9 Necromancy
 + Level 3.9 Translocations
 + Level 3.9 Fire Magic
 + Level 3.9 Ice Magic
 + Level 3.9 Air Magic
 + Level 3.9 Earth Magic
 + Level 3.9 Alchemy
 + Level 5.2 Invocations
 + Level 4.7 Evocations
 + Level 4.3 Shapeshifting


You had 8 spell levels left.
You knew the following spells:

 Your Spells              Type           Power      Damage    Failure   Level
a - Passwall              Erth           9%         N/A       19%         3
b - Dazzling Flash        Conj/Hex       18%        N/A       19%         3
c - Teleport Other        Tloc           9%         N/A       19%         3

Your spell library contained the following spells:

 Spells                   Type           Power      Damage    Failure   Level
 Sandblast                Erth           18%        2d7       6%          1
 Gell's Gravitas          Tloc           9%         N/A       19%         3
 Stone Arrow              Conj/Erth      18%        3d8       19%         3
 Volatile Blastmotes      Fire/Tloc      18%        2d11      19%         3
 Brom's Barrelling Bould  Conj/Erth      9%         2d3       54%         4
 Dispersal                Tloc           4%         N/A       100%        6
 Starburst                Conj/Fire      4%         6d4       100%        6
 Maxwell's Capacitive Co  Air            4%         ∞         100%        8


Dungeon Overview and Level Annotations

Branches:
Dungeon (10/15)            Temple (1/1) D:4         Ossuary (visited)
 Bailey (visited)
   Lair: D:8-11         Orc: D:9-12

Altars:
Ashenzari
Cheibriados
Dithmenos
Gozag
Hepliaklqana
Makhleb
Nemelex Xobeh
Okawaru
Sif Muna
Vehumet
Xom
Zin
The Shining One

Shops:
D:5 :

Annotations:
D:8 Erica


Innate Abilities, Weirdness & Mutations

Your life essence is reduced to manifest your ancestor. (-10% HP)
You have very sharp teeth.
Your uncanny sense of smell can sniff out nearby items.
Your experience applies equally to all skills.


Message History

The arrow barely misses the bullfrog.
The steam dragon breathes steam at you. The ball of steam hits you!
A yak comes into view.
You hear a bellow! x2
You shoot an arrow.
The arrow barely misses the steam dragon.
The arrow hits the bullfrog.
The bullfrog is heavily wounded.
Mon bon Adso barely misses the steam dragon.
The steam dragon bites you! The steam dragon claws you.
You shoot an arrow. The arrow hits the steam dragon!
You kill the steam dragon!
Mon bon Adso hits the bullfrog with a +0 flail.
The bullfrog hits you! The bullfrog hits you!
There is a stone staircase leading up here.
You shoot an arrow. The arrow barely misses the bullfrog.
The bullfrog hits you.
Mon bon Adso hits the bullfrog with a +0 flail!
You shoot an arrow. The arrow hits the bullfrog!
You kill the bullfrog!
A yak comes into view.
Mon bon Adso barely misses the yak.
The yak gores Mon bon Adso.
You climb upwards.
Erica shouts!
There is a stone staircase leading down here.
You climb downwards.
A yak comes into view.
The yak barely misses you. The yak gores you!
There is a stone staircase leading up here.
The yak completely misses you.
Mon bon Adso hits the yak with a +0 flail!
The yak gores you!
* * * LOW HITPOINT WARNING * * *
The yak attacks as it pursues you! The yak barely misses you.
There is a stone staircase leading up here.
The yak gores you!
You die...

##...?......>.......
#..........<........
#...........†.......
####...................
.......................
..........Y............
.........Y>.Y..........
.......YR..............
#.....@.Y.............
#...................
#..................
#.................
#................
#...............
#...............
#..............


You could see the friendly Mon bon Adso the knight and 5 yaks.

Vanquished Creatures
  A gargoyle (Bailey)
  A wyvern (D:10)
  A steam dragon (D:9)
  An ice beast (D:7)
  A black bear (D:4)
  An ogre (D:7)
  A bullfrog (D:9)
  A scorpion (D:6)
  2 water moccasin zombies (Ossuary)
  A burial acolyte (Ossuary)
  3 vampire bats (Bailey)
  6 wolf zombies (Bailey)
  A jelly (D:7)
  An orc priest (D:6)
  2 hounds (D:5)
  Jessica (D:2)
  A sleepcap (D:5)
  A crocodile zombie (Ossuary)
  2 mummies (Ossuary)
  3 gnolls (D:3)
  3 adders
  A white imp (D:5)
  A dart slug (D:2)
  A ribbon worm (D:3)
  4 orcs
  4 bats
  3 endoplasms
  3 giant cockroaches
  8 goblins
  6 hobgoblins
  3 quokkas
  5 ball pythons
  A frilled lizard (D:2)
  5 gnoll zombies (Ossuary)
  A goblin zombie (D:4)
  4 jackal zombies (Ossuary)
  4 kobolds
  14 orc zombies
  3 rats
106 creatures vanquished.

Vanquished Creatures (collateral kills)
  Menkaure (D:4)
  A black bear (D:6)
  A phantom (D:5)
  4 water moccasin zombies (Ossuary)
  5 vampire bats (Bailey)
  A wolf zombie (Bailey)
  2 hounds
  An iguana (D:7)
  Terence (D:3)
  A crocodile zombie (Ossuary)
  A gnoll (D:3)
  An adder (D:6)
  A white imp (D:6)
  An adder zombie (Ossuary)
  A dart slug (D:5)
  4 orcs
  3 gnoll zombies (Ossuary)
  A goblin (D:4)
  A hobgoblin (D:4)
  16 orc zombies
  A quokka zombie (D:4)
  A rat (D:3)
50 creatures vanquished.

Vanquished Creatures (others)
  A knight (Bailey)
  2 ancestors (Ossuary)
3 creatures vanquished.

Grand Total: 159 creatures vanquished

Notes
Turn   | Place    | Note
-------+----------+-------------------------------------------
     0 | D:1      | Arcadio the Gnoll Hunter began the quest for the Orb.
     0 | D:1      | Reached XP level 1. HP: 20/20 MP: 1/1
   154 | D:1      | Reached XP level 2. HP: 25/26 MP: 2/2
   409 | D:2      | Found a faded altar of an unknown god.
   417 | D:2      | Reached XP level 3. HP: 27/31 MP: 2/4
   419 | D:2      | Prayed at the altar of an unknown god.
   419 | D:2      | Became a worshipper of Hepliaklqana the Forgotten
   419 | D:2      | Reached * piety under Hepliaklqana
   479 | D:2      | Reached skill level 1 in Invocations
   583 | D:2      | Noticed Jessica
   585 | D:2      | Killed Jessica
   586 | D:2      | Reached skill level 1 in Short Blades
   586 | D:2      | Reached skill level 1 in Long Blades
   586 | D:2      | Reached skill level 1 in Axes
   586 | D:2      | Reached skill level 1 in Maces & Flails
   586 | D:2      | Reached skill level 1 in Polearms
   586 | D:2      | Reached skill level 1 in Staves
   586 | D:2      | Reached skill level 1 in Throwing
   586 | D:2      | Reached skill level 1 in Armour
   586 | D:2      | Reached skill level 1 in Shields
   586 | D:2      | Reached skill level 1 in Unarmed Combat
   586 | D:2      | Reached skill level 1 in Spellcasting
   586 | D:2      | Reached skill level 1 in Evocations
   586 | D:2      | Reached skill level 1 in Shapeshifting
   586 | D:2      | Reached XP level 4. HP: 34/34 MP: 5/5
   932 | D:3      | Noticed Terence
   940 | D:3      | Killed Terence
   941 | D:3      | Reached skill level 1 in Conjurations
   941 | D:3      | Reached skill level 1 in Hexes
   941 | D:3      | Reached skill level 1 in Summonings
   941 | D:3      | Reached skill level 1 in Necromancy
   941 | D:3      | Reached skill level 1 in Translocations
   941 | D:3      | Reached skill level 1 in Fire Magic
   941 | D:3      | Reached skill level 1 in Ice Magic
   941 | D:3      | Reached skill level 1 in Air Magic
   941 | D:3      | Reached skill level 1 in Earth Magic
   941 | D:3      | Reached skill level 1 in Alchemy
  1167 | D:3      | Reached XP level 5. HP: 38/38 MP: 5/7
  1280 | D:4      | Found a sand-covered staircase.
  1295 | Ossuary  | Entered an ossuary
  1341 | Ossuary  | Reached skill level 5 in Fighting
  1341 | Ossuary  | Reached skill level 5 in Dodging
  1341 | Ossuary  | Reached XP level 6. HP: 28/45 MP: 8/8
  1584 | Ossuary  | Reached XP level 7. HP: 48/50 MP: 10/10
  2044 | D:4      | Reached skill level 9 in Ranged Weapons
  2111 | D:4      | Found a staircase to the Ecumenical Temple.
  2112 | D:4      | Noticed Menkaure
  2118 | D:4      | Killed Menkaure
  2122 | Temple   | Entered the Ecumenical Temple
  2204 | D:4      | Reached ** piety under Hepliaklqana
  2205 | D:4      | Remembered your ancestor Mon bon Adso as a knight
  2247 | D:4      | Found a glowing golden altar of the Shining One.
  2315 | D:4      | Reached XP level 8. HP: 56/56 MP: 12/12
  2366 | D:5      | Entered Level 5 of the Dungeon
  2427 | D:5      | Found Naliok's Book Shop.
  2834 | D:7      | Found a flagged portal.
  2864 | Bailey   | Entered a bailey
  3265 | Bailey   | Reached XP level 9. HP: 58/62 MP: 14/14
  3342 | Bailey   | Learned a level 3 spell: Passwall
  3346 | Bailey   | Learned a level 3 spell: Dazzling Flash
  3350 | Bailey   | Learned a level 3 spell: Teleport Other
  3362 | Bailey   | Noticed a gargoyle
  3497 | Bailey   | Killed a gargoyle
  3498 | Bailey   | Reached skill level 5 in Stealth
  3844 | D:7      | Reached skill level 5 in Invocations
  3904 | D:7      | You fall into a shaft and drop 3 floors!
  3904 | D:10     | Entered Level 10 of the Dungeon
  3957 | D:8      | Noticed Erica
  3968 | D:9      | Slain by a yak

Illustrated notes

Levels and vault maps discovered:
D:1:      lightli_arrival_statuegarden, layout_basic, palyth_stone_intersect
D:2:      cheibrodos_old_hovel, layout_loops_ring, basic_ecumenical_altar,
          uniq_jessica
D:3:      layout_rooms, nicolae_wu_jian_immortal_techniques, uniq_terence,
          uniq_grinder
D:4:      layout_loops_ring, tso_oasis_becter, minmay_temple_entry_hall,
          enter_ossuary_4, uniq_menkaure
D:5:      layout_basic, serial_shops, nicolae_shop_tiny_glass, kennysheep_dice
D:6:      layout_loops_corners
D:7:      layout_basic, enter_bailey_5, chequers_serial_rivers_micro_b,
          minmay_misc_feat_tiny, patterned_corridor
D:8:      nicolae_BIG_FREAKIN_CUBE, layout_basic, elyvilon_altar_3,
          lemuel_crystal_altar, jmf_multi_god_temple2, hangedman_incinerator,
          uniq_joseph, uniq_erica
D:9:      layout_layer_cave, uniq_gastronok
D:10:     layout_irregular_city, general_overflow_altar,
          nicolae_qazlal_scattered_showers, nicolae_overflow_hidden_temple,
          minmay_statue_bubble, uniq_maggie
Temple:   minmay_temple_bridge_abc

Skill      XL: |  1  2  3  4  5  6  7  8  9 |
---------------+----------------------------+-----
Invocations    | 1 2 3 4 5 |  5.2
Short Blades   | 1 2 3 4 |  4.7
Long Blades    | 1 2 3 4 |  4.7
Axes           | 1 2 3 4 |  4.7
Maces & Flails | 1 2 3 4 |  4.7
Polearms       | 1 2 3 4 |  4.7
Staves         | 1 2 3 4 |  4.7
Throwing       | 1 2 3 4 |  4.7
Armour         | 1 2 3 4 |  4.7
Shields        | 1 2 3 4 |  4.7
Unarmed Combat | 1 2 3 4 |  4.7
Spellcasting   | 1 2 3 4 |  4.7
Evocations     | 1 2 3 4 |  4.7
Shapeshifting  | 1 2 3 4 |  4.3
Conjurations   | 1 2 3 |  3.9
Hexes          | 1 2 3 |  3.9
Summonings     | 1 2 3 |  3.9
Necromancy     | 1 2 3 |  3.9
Translocations | 1 2 3 |  3.9
Fire Magic     | 1 2 3 |  3.9
Ice Magic      | 1 2 3 |  3.9
Air Magic      | 1 2 3 |  3.9
Earth Magic    | 1 2 3 |  3.9
Alchemy        | 1 2 3 |  3.9
Stealth        | 3 4 5 |  5.3
Fighting       | 5 6 |  6.6
Dodging        | 5 6 |  6.6
Ranged Weapons | 9 |  9.8

Action                     |  1- 3 |  4- 6 |  7- 9 || total
---------------------------+-------+-------+-------++-------
   Fire: Shortbow          |    46 |   139 |   358 ||   543
 Invoke: Recall Ancestor   |       |     1 |     4 ||     5
         Ancestor Identity |       |       |     2 ||     2
         Ancestor Life: Kn |       |       |     1 ||     1
 Armour: Leather armour    |     6 |    34 |   139 ||   179
  Dodge: Dodged            |     5 |    49 |   151 ||   205
